[Event "ICC Open 2015"]
[Site "Internet Chess Club"]
[Date "2015.05.30"]
[Round "5"]
[White "MasterZachary"]
[Black "Sunbear"]
[Result "0-1"]
[ICCResult "White checkmated"]
[WhiteElo "2207"]
[BlackElo "1950"]
[Opening "French defense"]
[ECO "C01"]
[NIC "FR.01"]
[Time "14:48:02"]
[TimeControl "180+0"]

1. e4 e6 2. d4 b6 3. Nc3 Bb7 4. Nf3 Bb4 5. Bd3 Nf6 6. e5 Ne4 7. Bd2 Nxd2 8.
Qxd2 f5 9. O-O O-O 10. Qf4 Be7 11. h4 h6 12. h5 Qe8 13. Nb5 Na6 14. c3 Qxh5
15. Be2 g5 16. Qg3 g4 17. Nh2 Bh4 18. Qf4 Bg5 19. Qg3 Qg6 20. f3 h5 21. f4
h4 22. Qe3 Bh6 23. Qd3 Be4 24. Qe3 c6 25. Nd6 Nc7 26. Nxe4 Nd5 27. Nf6+ Rxf6
28. Qd3 Rf7 29. Nxg4 Nxf4 30. Nxh6+ Qxh6 31. Qe3 Nxe2+ 32. Qxe2 Kh7 33. Qd3
Rg8 34. Qh3 Rfg7 35. Rf2 Rg3 36. Qh2 h3 37. Kf1 hxg2+ 38. Kg1 Qxh2+ 39. Kxh2
g1=Q+ 40. Rxg1 Rxg1 41. Rf3 R8g4 42. Rh3+ Kg7 43. c4 R4g2# {White
checkmated} 0-1

[Event "ICC Open 2015"]
[Site "Internet Chess Club"]
[Date "2015.05.30"]
[Round "5"]
[White "pasco84"]
[Black "oseledets"]
[Result "0-1"]
[ICCResult "White resigns"]
[WhiteElo "1557"]
[BlackElo "2043"]
[Opening "Sicilian: Smith-Morra gambit"]
[ECO "B21"]
[NIC "SI.48"]
[Time "14:49:10"]
[TimeControl "180+0"]

1. e4 c5 2. d4 cxd4 3. c3 dxc3 4. Nxc3 e6 5. Nf3 Bc5 6. Bc4 a6 7. O-O b5 8.
Bb3 Ne7 9. Qe2 O-O 10. Rd1 Qb6 11. Bg5 f6 12. Bh4 Nbc6 13. Rac1 Nd4 14. Nxd4
Bxd4 15. Kh1 Kh8 16. f4 Be3 17. Rc2 Bxf4 18. Rf1 Be5 19. Nd1 a5 20. a4 bxa4
21. Bxa4 Ba6 22. Qf2 Qxf2 23. Rfxf2 d5 24. exd5 Nxd5 25. Rc6 Bb7 26. Rxe6
Nf4 27. Bg3 Nxe6 {White resigns} 0-1

[Event "ICC Open 2015"]
[Site "Internet Chess Club"]
[Date "2015.05.30"]
[Round "5"]
[White "a-man"]
[Black "toll"]
[Result "0-1"]
[ICCResult "White forfeits on time"]
[WhiteElo "1515"]
[BlackElo "1696"]
[Opening "Philidor's defense"]
[ECO "C41"]
[NIC "KP.10"]
[Time "14:48:08"]
[TimeControl "180+0"]

1. e4 e5 2. Nf3 d6 3. Bc4 Bg4 4. O-O Nf6 5. Nxe5 Bxd1 6. Bxf7+ Ke7 7. Nc3
dxe5 8. Nd5+ Nxd5 9. Bxd5 c6 10. Bb3 Bh5 11. d3 Bf7 12. Bg5+ Ke8 13. Bxd8
Bxb3 14. a3 Bxc2 15. Bc7 Bxd3 16. Bxe5 Bxf1 17. Bxb8 Rxb8 18. Rxf1 Bc5 19.
Re1 Rf8 20. Rf1 Rd8 21. h3 Rd2 22. Kh2 Rfxf2 23. Rxf2 Rxf2 24. Kg3 Rxb2 25.
Kg4 Rxg2+ 26. Kf3 Ra2 27. h4 Rxa3+ 28. Kf4 b5 29. Kf5 b4 30. Kf4 b3 31. Kf3
b2+ 32. Ke2 b1=Q 33. Kd2 Qb2+ {White forfeits on time} 0-1

[Event "ICC Open 2015"]
[Site "Internet Chess Club"]
[Date "2015.05.30"]
[Round "5"]
[White "Darnoc"]
[Black "SPARNALIQ"]
[Result "1-0"]
[ICCResult "Black resigns"]
[WhiteElo "3004"]
[BlackElo "2799"]
[Opening "Grünfeld: Stockholm variation"]
[ECO "D80"]
[NIC "GI.03"]
[Time "14:49:03"]
[TimeControl "180+0"]

1. d4 Nf6 2. c4 g6 3. Nc3 d5 4. Bg5 Bg7 5. Bxf6 Bxf6 6. cxd5 c6 7. Rc1 O-O
8. e4 Bg7 9. e5 cxd5 10. h4 Nc6 11. h5 Be6 12. Nf3 Qb6 13. Qd2 Rac8 14. Bb5
Na5 15. Ng5 Rxc3 16. Rxc3 Qxb5 17. Rc5 Qb6 18. Rxa5 Bf5 19. Rxd5 h6 20. Nf3
Be4 21. Rc5 Rd8 22. Rh4 Bxf3 23. gxf3 g5 24. Re4 Qa6 25. Qa5 Qxa5+ 26. Rxa5
f5 27. exf6 Bxf6 28. Rxa7 Rd7 29. Ra4 Kf7 30. Rb4 e6 31. Ke2 {Black resigns}
1-0

[Event "ICC Open 2015"]
[Site "Internet Chess Club"]
[Date "2015.05.30"]
[Round "5"]
[White "chessdjw"]
[Black "PraPad"]
[Result "1-0"]
[ICCResult "Black resigns"]
[WhiteElo "2342"]
[BlackElo "1905"]
[Opening "QGD: Ragozin variation"]
[ECO "D38"]
[NIC "NI.27"]
[Time "14:48:13"]
[TimeControl "180+0"]

1. Nf3 Nf6 2. c4 e6 3. Nc3 d5 4. d4 Bb4 5. Qa4+ Nc6 6. e3 O-O 7. Qc2 Ne7 8.
Bd2 c5 9. a3 Ba5 10. dxc5 Nf5 11. b4 Bc7 12. cxd5 exd5 13. Bd3 Nh6 14. h3
Re8 15. O-O-O Nd7 16. Nxd5 Be5 17. Bxh7+ Kh8 18. Bd3 a5 19. b5 Nf6 20. Nxe5
Rxe5 21. Nxf6 gxf6 22. e4 Ng8 23. f4 Rh5 24. g4 Rh4 25. Bc3 Qe7 26. g5 Rxf4
27. Rdf1 Rxf1+ 28. Rxf1 Qxc5 29. Bxf6+ {Black resigns} 1-0

[Event "ICC Open 2015"]
[Site "Internet Chess Club"]
[Date "2015.05.30"]
[Round "5"]
[White "flinkfinger"]
[Black "oviwan68"]
[Result "1-0"]
[ICCResult "Black checkmated"]
[WhiteElo "2331"]
[BlackElo "1944"]
[Opening "English: closed system"]
[ECO "A25"]
[NIC "EO.20"]
[Time "14:48:15"]
[TimeControl "180+0"]

1. c4 e5 2. g3 Nc6 3. Nc3 g6 4. Bg2 Bg7 5. e3 h5 6. h3 h4 7. g4 f5 8. gxf5
gxf5 9. d3 Nf6 10. Nge2 d6 11. d4 Bd7 12. Qc2 Qe7 13. d5 Nb4 14. Qb3 c5 15.
dxc6 Bxc6 16. Bxc6+ Nxc6 17. Bd2 a6 18. Nd5 Nxd5 19. cxd5 Nd8 20. Rc1 O-O
21. Rg1 Kh8 22. Qb6 Nf7 23. Rc7 Qf6 24. Bc3 f4 25. exf4 Qf5 26. Rg4 Qb1+ 27.
Kd2 Qe4 28. fxe5 Qxd5+ 29. Kc2 Bxe5 30. Bxe5+ dxe5 31. Rxh4+ Kg8 32. Qg6#
{Black checkmated}
1-0

[Event "ICC Open 2015"]
[Site "Internet Chess Club"]
[Date "2015.05.30"]
[Round "5"]
[White "maki89"]
[Black "VerdeNotte"]
[Result "0-1"]
[ICCResult "White resigns"]
[WhiteElo "2383"]
[BlackElo "2897"]
[Opening "Pirc: Austrian attack, 6.Bd3"]
[ECO "B09"]
[NIC "PU.02"]
[Time "14:48:12"]
[TimeControl "180+0"]

1. e4 d6 2. d4 Nf6 3. Nc3 g6 4. f4 Bg7 5. Nf3 O-O 6. Bd3 Bg4 7. Be3 Nc6 8.
h3 Bxf3 9. Qxf3 e5 10. dxe5 dxe5 11. f5 Nd4 12. Qf2 Nh5 13. O-O-O c6 14. g4
Nf4 15. Bxf4 exf4 16. Bc4 b5 17. Bb3 Qb6 18. Kb1 a5 19. g5 a4 20. f6 axb3
21. cxb3 Rfd8 22. fxg7 f3 23. Rd3 Qa7 24. Rhd1 c5 25. a4 bxa4 26. bxa4 Rdb8
27. Rxd4 cxd4 28. Rxd4 Kxg7 29. Nb5 Rxb5 30. axb5 Qa2+ 31. Kc2 Rc8+ 32. Kd3
Qb3+ 33. Kd2 Qxb2+ 34. Ke3 Rc3+ {White resigns} 0-1

[Event "ICC Open 2015"]
[Site "Internet Chess Club"]
[Date "2015.05.30"]
[Round "5"]
[White "psilocybin"]
[Black "NAS"]
[Result "0-1"]
[ICCResult "White resigns"]
[WhiteElo "1425"]
[BlackElo "1718"]
[Opening "King's Indian: Sämisch, 5...O-O"]
[ECO "E81"]
[NIC "KI.49"]
[Time "14:48:48"]
[TimeControl "180+0"]

1. d4 Nf6 2. c4 g6 3. f3 Bg7 4. e4 d6 5. Nc3 O-O 6. Bg5 c5 7. d5 e6 8. Qd2
exd5 9. cxd5 Re8 10. Nge2 a6 11. a4 b6 12. Nd1 Nbd7 13. Nec3 Ne5 14. Be2 Bd7
15. O-O Qc8 16. Nf2 Rb8 17. Rab1 b5 18. axb5 axb5 19. b4 c4 20. Be3 Qb7 21.
Ra1 Ra8 22. Bd4 Bc8 23. Qb2 Nfd7 24. Rxa8 Qxa8 25. Ra1 Qb8 26. Qd2 Nb6 27.
Nxb5 Nxd5 28. Na7 c3 29. Qe3 Nxe3 30. Bxe3 c2 31. Nd3 {White resigns} 0-1

[Event "ICC Open 2015"]
[Site "Internet Chess Club"]
[Date "2015.05.30"]
[Round "5"]
[White "paulohaddad"]
[Black "Satyricon"]
[Result "0-1"]
[ICCResult "White resigns"]
[WhiteElo "1815"]
[BlackElo "2248"]
[Opening "Queen's pawn: Torre attack"]
[ECO "A46"]
[NIC "QP.04"]
[Time "14:48:09"]
[TimeControl "180+0"]

1. d4 Nf6 2. Nf3 e6 3. Bg5 c5 4. e3 h6 5. Bh4 cxd4 6. exd4 b6 7. Nbd2 Bb7 8.
Bd3 Be7 9. O-O O-O 10. Qe2 d6 11. c3 Nbd7 12. Rad1 Nd5 13. Bg3 N7f6 14. Rfe1
Rc8 15. Ne4 Qc7 16. Nxf6+ Nxf6 17. Rc1 Rfe8 18. Bb1 Qc4 19. Nd2 Qxe2 20.
Rxe2 Nh5 21. Ne4 Nxg3 22. Nxg3 Bg5 23. Rce1 Ba6 24. Rc2 Bd3 25. Ne4 Bxc2 26.
Bxc2 Be7 27. Kf1 d5 28. Nd2 Bg5 29. Nb3 Kf8 30. Ke2 Ke7 31. g3 Kd6 32. f4
Bf6 33. Kf3 a5 34. Re2 a4 35. Nd2 a3 36. c4 axb2 37. Bb1 dxc4 {White
resigns} 0-1

[Event "ICC Open 2015"]
[Site "Internet Chess Club"]
[Date "2015.05.30"]
[Round "5"]
[White "ClockWatcher"]
[Black "Supermodel"]
[Result "0-1"]
[ICCResult "White checkmated"]
[WhiteElo "1842"]
[BlackElo "2253"]
[Opening "French defense"]
[ECO "C00"]
[NIC "FR.01"]
[Time "14:49:00"]
[TimeControl "180+0"]

1. e4 e6 2. Nf3 d5 3. exd5 exd5 4. d4 c5 5. Be2 Nc6 6. dxc5 Nf6 7. Bg5 Bxc5
8. Bxf6 Qxf6 9. Qxd5 O-O 10. Qxc5 Qxb2 11. O-O Qxa1 12. Nc3 Qb2 13. Bd3 Qb4
14. Bxh7+ Kxh7 15. Qh5+ Kg8 16. Ng5 Rd8 17. Re1 Be6 18. Nce4 Qxe1#
{White checkmated}
0-1

[Event "ICC Open 2015"]
[Site "Internet Chess Club"]
[Date "2015.05.30"]
[Round "5"]
[White "BehindBluEyes"]
[Black "motipen"]
[Result "1-0"]
[ICCResult "Black resigns"]
[WhiteElo "2274"]
[BlackElo "1936"]
[Opening "Pirc defense"]
[ECO "B07"]
[NIC "PU.08"]
[Time "14:49:49"]
[TimeControl "180+0"]

1. e4 d6 2. d4 Nf6 3. f3 g6 4. c3 Bg7 5. Be3 O-O 6. Bd3 e5 7. Ne2 c6 8. O-O
Nbd7 9. h3 d5 10. Ng3 dxe4 11. fxe4 Re8 12. Nd2 Qc7 13. Qe1 exd4 14. cxd4 b6
15. Qf2 Bb7 16. e5 Nd5 17. Qxf7+ Kh8 18. Bg5 Rf8 19. Qe6 Rae8 20. Qg4 c5 21.
Qh4 cxd4 22. Bxg6 {Black resigns} 1-0

[Event "ICC Open 2015"]
[Site "Internet Chess Club"]
[Date "2015.05.30"]
[Round "5"]
[White "DarkThrone"]
[Black "yaguaro"]
[Result "1-0"]
[ICCResult "Black resigns"]
[WhiteElo "2418"]
[BlackElo "1999"]
[Opening "Old Indian defense"]
[ECO "A42"]
[NIC "OI.07"]
[Time "14:49:37"]
[TimeControl "180+0"]

1. d4 d6 2. c4 e5 3. d5 f5 4. Nc3 Nf6 5. e4 Be7 6. exf5 Bxf5 7. Bd3 Bd7 8.
Nf3 a5 9. O-O Na6 10. Be3 Bg4 11. h3 Bh5 12. g4 Bf7 13. Ng5 O-O 14. Qc2 h6
15. Nxf7 Rxf7 16. a3 b6 17. f4 Nd7 18. Bf5 Nac5 19. b4 axb4 20. axb4 Rxa1
21. Rxa1 Rxf5 22. gxf5 Nb7 23. Ne4 exf4 24. Bxf4 Ne5 25. Bxe5 dxe5 26. Rf1
Nd6 27. f6 Bxf6 28. Nxf6+ gxf6 29. Qg6+ Kh8 30. Qxh6+ Kg8 31. Qg6+ Kh8 32.
Rxf6 Qg8 33. Qxg8+ Kxg8 34. c5 bxc5 35. bxc5 Ne4 36. Rc6 Nc3 37. d6 cxd6 38.
cxd6 Nd5 39. d7 {Black resigns} 1-0

[Event "ICC Open 2015"]
[Site "Internet Chess Club"]
[Date "2015.05.30"]
[Round "5"]
[White "fearlessone"]
[Black "talaatabdin"]
[Result "1-0"]
[ICCResult "Black forfeits on time"]
[WhiteElo "1676"]
[BlackElo "1429"]
[Opening "Van't Kruijs opening"]
[ECO "A00"]
[Time "14:48:26"]
[TimeControl "180+0"]

1. e3 e5 2. Ne2 d5 3. d3 Nc6 4. Nd2 Nf6 5. g3 Bc5 6. Bg2 O-O 7. O-O Bg4 8.
a3 Re8 9. b4 Bd6 10. c4 dxc4 11. dxc4 e4 12. h3 Bh5 13. Bb2 Ne5 14. g4 Bg6
15. c5 Nd3 16. Bxf6 Qxf6 17. cxd6 cxd6 18. Nxe4 Bxe4 19. Bxe4 Rxe4 20. Qxd3
Rae8 21. Ng3 R4e6 22. Rad1 Qf3 23. Qd5 Qxd5 24. Rxd5 Rc8 25. Rfd1 Rd8 26.
Nf5 {Black forfeits on time} 1-0

[Event "ICC Open 2015"]
[Site "Internet Chess Club"]
[Date "2015.05.30"]
[Round "5"]
[White "Cramagica"]
[Black "LordKinbote"]
[Result "0-1"]
[ICCResult "White checkmated"]
[WhiteElo "1187"]
[BlackElo "1397"]
[Opening "Ruy Lopez: Schliemann defense"]
[ECO "C63"]
[NIC "RL.06"]
[Time "14:48:11"]
[TimeControl "180+0"]

1. e4 e5 2. Nf3 Nc6 3. Bb5 f5 4. exf5 e4 5. Ng1 Nf6 6. Ne2 d5 7. Ng3 Bd6 8.
O-O Bxg3 9. fxg3 O-O 10. d3 Nd4 11. Ba4 Nxf5 12. dxe4 Nxe4 13. Bb3 c6 14. c4
Qb6+ 15. Kh1 Nf2+ 16. Rxf2 Qxf2 17. cxd5 Ne3 18. dxc6+ Kh8 19. Bxe3 Qxe3 20.
Nc3 bxc6 21. Ne2 Bg4 22. Bc4 Rae8 23. b3 Bxe2 24. Bxe2 Qxe2 25. Qxe2 Rxe2
26. h3 h6 27. g4 Rff2 28. Rg1 Rxa2 29. b4 Rab2 30. g3 Rxb4 31. h4 a5 32. g5
hxg5 33. hxg5 Rg4 34. Ra1 Rxg5 35. Kg1 Rf3 36. Rc1 Rgxg3+ 37. Kh1 Rf6 38.
Ra1 Rh6# {White checkmated} 0-1

[Event "ICC Open 2015"]
[Site "Internet Chess Club"]
[Date "2015.05.30"]
[Round "5"]
[White "killer-queen"]
[Black "DarkBlue"]
[Result "1-0"]
[ICCResult "Black resigns"]
[WhiteElo "2439"]
[BlackElo "1957"]
[Opening "QGD: symmetrical (Austrian) defense"]
[ECO "D06"]
[NIC "QP.08"]
[Time "14:48:43"]
[TimeControl "180+0"]

1. d4 d5 2. c4 c5 3. cxd5 Qxd5 4. Nf3 cxd4 5. Nc3 Qa5 6. Nxd4 Nf6 7. Nb3 Qc7
8. g3 e5 9. Bg2 Bb4 10. O-O Bxc3 11. bxc3 O-O 12. Ba3 Rd8 13. Qc1 Be6 14.
Nc5 Bd5 15. Qg5 Bxg2 16. Kxg2 Nc6 17. Rfd1 h6 18. Qf5 Qa5 19. Nxb7 Qxa3 20.
Nxd8 Rxd8 21. Rxd8+ Nxd8 22. Qxe5 Ne6 23. Rb1 Qc5 24. Rb8+ Kh7 25. Qxc5 Nxc5
26. Rc8 Nfd7 27. Rc7 a6 28. f3 Kg6 29. e4 Kf6 30. f4 Ke6 31. e5 g5 32. Kf3
gxf4 33. gxf4 f6 34. Rc6+ Kd5 35. Rd6+ Kc4 36. exf6 Kxc3 37. f7 a5 38. Rxh6
Kb2 39. Rh5 {Black resigns} 1-0

[Event "ICC Open 2015"]
[Site "Internet Chess Club"]
[Date "2015.05.30"]
[Round "5"]
[White "DeepHmmm"]
[Black "a-rubinstein"]
[Result "0-1"]
[ICCResult "White resigns"]
[WhiteElo "1754"]
[BlackElo "2140"]
[Opening "Sicilian: dragon, Yugoslav attack, 7...O-O"]
[ECO "B76"]
[NIC "SI.17"]
[Time "14:48:27"]
[TimeControl "180+0"]

1. e4 c5 2. Nf3 d6 3. d4 cxd4 4. Nxd4 Nf6 5. Nc3 g6 6. Be3 Bg7 7. f3 O-O 8.
Qd2 Nc6 9. g4 Ne5 10. O-O-O Be6 11. h4 Qa5 12. a3 Bc4 13. Nd5 Qxd2+ 14. Bxd2
Nxd5 15. Bxc4 Nxc4 16. exd5 Bxd4 17. c3 Be3 18. Bxe3 Nxe3 19. Rd3 Nc4 20.
Re1 Rfe8 21. Re4 b5 22. b3 Nb6 23. Kd2 Rac8 24. h5 Kg7 25. g5 gxh5 26. f4
Rc5 27. Red4 Kg6 {White resigns} 0-1

[Event "ICC Open 2015"]
[Site "Internet Chess Club"]
[Date "2015.05.30"]
[Round "5"]
[White "MTurov"]
[Black "saya"]
[Result "1-0"]
[ICCResult "Black resigns"]
[WhiteElo "3030"]
[BlackElo "2552"]
[Opening "QGD: exchange, positional line, 5...c6"]
[ECO "D35"]
[NIC "QO.16"]
[Time "14:49:24"]
[TimeControl "180+0"]

1. d4 Nf6 2. c4 e6 3. Nc3 d5 4. cxd5 exd5 5. Bg5 c6 6. e3 Be7 7. Bd3 Nbd7 8.
Qc2 h6 9. Bh4 Nh5 10. Bxe7 Qxe7 11. Nge2 Nb6 12. h3 Be6 13. O-O-O O-O-O 14.
Kb1 Kb8 15. Rc1 Nf6 16. Na4 Nxa4 17. Qxa4 Nd7 18. Rc3 Nb6 19. Qa5 Qd7 20.
Ra3 Nc8 21. Rc1 Bf5 22. Nf4 g5 23. Bxf5 Qxf5+ 24. Nd3 Rhe8 25. Ka1 Qd7 26.
Rb3 Qc7 27. Nb4 Nb6 28. Rxc6 Qd7 29. Na6+ bxa6 30. Rcxb6+ axb6 31. Qxb6+
{Black resigns}
1-0

[Event "ICC Open 2015"]
[Site "Internet Chess Club"]
[Date "2015.05.30"]
[Round "5"]
[White "BigSerge"]
[Black "Lilinstein"]
[Result "1-0"]
[ICCResult "Black resigns"]
[WhiteElo "2022"]
[BlackElo "2552"]
[Opening "Alekhine's defense"]
[ECO "B02"]
[NIC "AL.10"]
[Time "14:49:30"]
[TimeControl "180+0"]

1. e4 Nf6 2. e5 Nd5 3. c4 Nb6 4. d4 d6 5. Nf3 g6 6. exd6 cxd6 7. Nc3 Bg7 8.
h3 O-O 9. Be3 Nc6 10. Be2 d5 11. c5 Nc4 12. b3 Nxe3 13. fxe3 e5 14. O-O exd4
15. exd4 Bf5 16. a3 Be4 17. Nb5 a6 18. Nd6 Bxf3 19. Bxf3 Bxd4+ 20. Kh1 Bxa1
21. Qxa1 Ne7 22. Qe5 f6 23. Qe6+ Kg7 24. Nxb7 Nf5 25. Nxd8 Raxd8 26. Bxd5
Ng3+ 27. Kg1 {Black resigns} 1-0

[Event "ICC Open 2015"]
[Site "Internet Chess Club"]
[Date "2015.05.30"]
[Round "5"]
[White "Psycho-Cowboy"]
[Black "MoonlightWizard"]
[Result "1-0"]
[ICCResult "Black resigns"]
[WhiteElo "2462"]
[BlackElo "2920"]
[Opening "Queen's Indian: old main line, 6.O-O"]
[ECO "E17"]
[NIC "QI.07"]
[Time "14:48:08"]
[TimeControl "180+0"]

1. d4 Nf6 2. c4 e6 3. Nf3 b6 4. g3 Bb7 5. Bg2 Be7 6. O-O O-O 7. Re1 a5 8. d5
exd5 9. Nh4 c6 10. Nf5 dxc4 11. e4 Re8 12. Nc3 Na6 13. e5 Nd5 14. Qg4 g6 15.
Nxd5 cxd5 16. Nh6+ Kg7 17. Be3 Nc5 18. Nf5+ Kh8 19. Nh6 Rf8 20. h4 Ne6 21.
Rad1 Qc7 22. Bxd5 Bxd5 23. Rxd5 Rad8 24. Red1 Qc6 25. h5 b5 26. Qf3 Kg7 27.
Ng4 b4 28. Bh6+ Kg8 29. Nf6+ Kh8 30. Bxf8 Nxf8 31. hxg6 Bxf6 32. exf6 hxg6
33. Qf4 Nh7 34. Rd6 g5 35. Qf5 Qa4 36. Kg2 c3 37. Rh1 {Black resigns} 1-0

[Event "ICC Open 2015"]
[Site "Internet Chess Club"]
[Date "2015.05.30"]
[Round "5"]
[White "ILYMJPDL"]
[Black "holderlin"]
[Result "1-0"]
[ICCResult "Black checkmated"]
[WhiteElo "1990"]
[BlackElo "1656"]
[Opening "Sicilian: Pelikan (Lasker/Sveshnikov) variation"]
[ECO "B33"]
[NIC "SI.35"]
[Time "14:48:10"]
[TimeControl "180+0"]

1. e4 c5 2. Nf3 Nc6 3. d4 cxd4 4. Nxd4 Nf6 5. Nc3 e5 6. Ndb5 d6 7. Nd5 Nxd5
8. exd5 Nb8 9. f4 a6 10. Nc3 Nd7 11. Bd3 Be7 12. O-O O-O 13. Qh5 Nf6 14. Qf3
Bg4 15. Qf2 exf4 16. Qxf4 Qb6+ 17. Kh1 Bh5 18. Be3 Qxb2 19. Bd4 Qa3 20. Rab1
Bg6 21. Rb3 Qa5 22. Rxb7 Rae8 23. Ne4 Nxd5 24. Qg3 f5 25. Ng5 f4 26. Qg4
Bxd3 27. Nxh7 Bxh7 28. Qxg7# {Black checkmated} 1-0

[Event "ICC Open 2015"]
[Site "Internet Chess Club"]
[Date "2015.05.30"]
[Round "5"]
[White "SCORPION83"]
[Black "kurumania"]
[Result "0-1"]
[ICCResult "White resigns"]
[WhiteElo "3051"]
[BlackElo "2820"]
[Opening "Grünfeld: exchange variation"]
[ECO "D85"]
[NIC "GI.03"]
[Time "14:47:57"]
[TimeControl "180+0"]

1. d4 Nf6 2. c4 g6 3. Nc3 d5 4. cxd5 Nxd5 5. Bd2 Bg7 6. e4 Nxc3 7. Bxc3 O-O
8. Qd2 Nc6 9. Nf3 Bg4 10. d5 Bxf3 11. gxf3 Ne5 12. Be2 c6 13. f4 Nd7 14.
Bxg7 Kxg7 15. dxc6 bxc6 16. O-O Nf6 17. Qc3 Qc7 18. Qe3 Rab8 19. b3 Rfd8 20.
Rad1 a5 21. Kg2 Rxd1 22. Rxd1 Rd8 23. Rc1 Qd7 24. Rd1 Qc7 25. Rc1 Kg8 26.
Bf3 Qd7 27. Rd1 Qc7 28. Rc1 Qd7 29. h3 Rb8 30. Qc5 Qd2 31. f5 Qg5+ 32. Kf1
Qh4 33. Qxe7 Re8 34. Qd6 Nxe4 35. Bxe4 Qxe4 36. Kg1 Qxf5 37. Qxc6 Qg5+ 38.
Kh2 Re2 39. Qc8+ Kg7 40. Rc2 Qf4+ 41. Kh1 Qf3+ {White resigns} 0-1

[Event "ICC Open 2015"]
[Site "Internet Chess Club"]
[Date "2015.05.30"]
[Round "5"]
[White "RLH2"]
[Black "druskacik"]
[Result "1-0"]
[ICCResult "Black resigns"]
[WhiteElo "2812"]
[BlackElo "2447"]
[Opening "Nimzovich-Larsen attack: classical variation"]
[ECO "A01"]
[NIC "VO.08"]
[Time "14:49:24"]
[TimeControl "180+0"]

1. b3 d5 2. Bb2 Nf6 3. Nf3 Bf5 4. e3 e6 5. c4 Be7 6. Nc3 O-O 7. Be2 c5 8.
Nh4 Bg6 9. Nxg6 hxg6 10. cxd5 Nxd5 11. h4 Nxc3 12. Bxc3 Bxh4 13. Bf3 Nc6 14.
Bxc6 bxc6 15. Qg4 Be7 16. Qh3 f6 17. Qxe6+ Rf7 18. Qxc6 Rc8 19. Qe6 Bf8 20.
Ke2 Qe8 21. Qc4 Qc6 22. Rh3 Bd6 23. Rah1 Kf8 24. Qe6 {Black resigns} 1-0

[Event "ICC Open 2015"]
[Site "Internet Chess Club"]
[Date "2015.05.30"]
[Round "5"]
[White "Werewolf"]
[Black "regenmaker"]
[Result "1-0"]
[ICCResult "Black resigns"]
[WhiteElo "2201"]
[BlackElo "1852"]
[Opening "Caro-Kann: advance variation"]
[ECO "B12"]
[NIC "CK.02"]
[Time "14:47:57"]
[TimeControl "180+0"]

1. e4 c6 2. d4 d5 3. e5 c5 4. dxc5 Nc6 5. Bb5 e6 6. Be3 Bd7 7. Bxc6 Bxc6 8.
Bd4 Qa5+ 9. c3 Qb5 10. b4 Ne7 11. a4 Qa6 12. Nd2 b5 13. axb5 Qxb5 14. Ne2
Nf5 15. O-O Be7 16. g4 Nxd4 17. Nxd4 Qb7 18. Nxc6 Qxc6 19. Nf3 O-O 20. Nd4
Qc7 21. f4 a6 22. Ra4 Qd7 23. Qc2 f6 24. Rfa1 fxe5 25. fxe5 Bg5 26. Rxa6
Rxa6 27. Rxa6 Qf7 28. Ra1 Be3+ 29. Kh1 Bxd4 30. cxd4 Qf3+ 31. Qg2 Qc3 32.
Rf1 Rxf1+ 33. Qxf1 Qxd4 34. Qe1 Qxg4 35. h4 Qf3+ 36. Kh2 Qf4+ 37. Kh3 Qf3+
38. Qg3 Qh1+ 39. Kg4 Qe4+ 40. Qf4 Qg2+ 41. Qg3 Qe4+ 42. Qf4 Qg2+ 43. Qg3
Qe4+ 44. Kh3 Qh1+ 45. Qh2 Qf3+ 46. Qg3 Qh1+ 47. Qh2 Qg2+ 48. Qxg2
{Black resigns}
1-0

[Event "ICC Open 2015"]
[Site "Internet Chess Club"]
[Date "2015.05.30"]
[Round "5"]
[White "Biglittlefish"]
[Black "perronegro"]
[Result "0-1"]
[ICCResult "White resigns"]
[WhiteElo "1314"]
[BlackElo "1609"]
[Opening "Sicilian defense"]
[ECO "B20"]
[NIC "SI.48"]
[Time "14:49:06"]
[TimeControl "180+0"]

1. e4 c5 2. Bc4 d6 3. Nc3 e6 4. Nf3 Nc6 5. O-O Be7 6. Ne2 Nf6 7. d3 a6 8. a3
b5 9. Ba2 Bb7 10. c4 O-O 11. cxb5 axb5 12. Bf4 e5 13. Bg5 Nh5 14. Bxe7 Qxe7
15. Bd5 Rac8 16. Nc3 Nf4 17. g3 Nh3+ 18. Kg2 Ng5 19. Nxg5 Qxg5 20. f4 exf4
21. Rxf4 Qe7 22. Qh5 Ne5 23. Bxb7 Qxb7 24. Nd5 Ng6 25. Rf2 c4 26. Qg5 cxd3
27. Ne7+ Nxe7 28. Raf1 Ng6 29. h4 Rc2 30. h5 Rxf2+ 31. Rxf2 Qxe4+ 32. Kh2
Ne5 33. Kh3 h6 34. Qe7 Qg4+ 35. Kg2 Nc4 36. Rf4 Qe2+ 37. Kh3 Qxe7
{White resigns}
0-1

[Event "ICC Open 2015"]
[Site "Internet Chess Club"]
[Date "2015.05.30"]
[Round "5"]
[White "ElFenomeno"]
[Black "maly"]
[Result "0-1"]
[ICCResult "White resigns"]
[WhiteElo "1984"]
[BlackElo "2567"]
[Opening "QGA: 4...e6"]
[ECO "D26"]
[NIC "QG.08"]
[Time "14:48:23"]
[TimeControl "180+0"]

1. d4 d5 2. c4 dxc4 3. Nf3 Nf6 4. e3 e6 5. Bxc4 a6 6. O-O b5 7. Bd3 Bb7 8.
Nbd2 Nbd7 9. b3 c5 10. Bb2 Qb6 11. Rc1 Be7 12. Bb1 O-O 13. Ne5 Rac8 14. g4
Rfd8 15. g5 Nxe5 16. gxf6 Qc6 17. Be4 Rd5 18. fxe7 Ng6 19. Rxc5 Rxc5 20.
dxc5 Qc7 21. Bxb7 Qxb7 22. Qf3 Qxe7 23. b4 Nh4 24. Qg3 Nf5 25. Qg4 f6 26.
Ne4 Kh8 27. Rd1 a5 28. Nd6 Nxd6 29. Rxd6 Re8 30. bxa5 Qc7 31. Qd4 Qxa5 32.
Rd8 Rxd8 {White resigns} 0-1

[Event "ICC Open 2015"]
[Site "Internet Chess Club"]
[Date "2015.05.30"]
[Round "5"]
[White "xionoula"]
[Black "JCarllsen"]
[Result "0-1"]
[ICCResult "White resigns"]
[WhiteElo "2158"]
[BlackElo "1882"]
[Opening "Queen's pawn: London system"]
[ECO "A45"]
[NIC "QP.07"]
[Time "14:48:45"]
[TimeControl "180+0"]

1. d4 Nf6 2. Bf4 g6 3. e3 Bg7 4. Nf3 O-O 5. Be2 d6 6. O-O b6 7. c4 Bb7 8. h3
Nbd7 9. Nc3 Ne4 10. Nxe4 Bxe4 11. Nd2 Bb7 12. Bf3 Qc8 13. Bxb7 Qxb7 14. Qf3
Qxf3 15. Nxf3 e5 16. Bg3 a5 17. Rad1 Rfe8 18. Rd2 exd4 19. Nxd4 Bxd4 20.
Rxd4 Nc5 21. Rfd1 Re6 22. b3 Rae8 23. Bh4 f6 24. Rd5 Kf7 25. Re1 Ne4 26. Rd3
g5 27. Bg3 h5 28. Kh2 h4 29. Bxh4 gxh4 30. g3 hxg3+ 31. fxg3 Nc5 32. Rc3 Re4
33. Kg2 Kg6 34. Kf3 R8e5 35. g4 Re8 36. Rg1 R4e5 37. a3 Ne4 38. Rd3 Ng5+ 39.
Kf2 Nxh3+ 40. Kg2 Nxg1 41. Kxg1 Rxe3 42. Rd2 Rxb3 43. Kf2 Rxa3 {White
resigns} 0-1

[Event "ICC Open 2015"]
[Site "Internet Chess Club"]
[Date "2015.05.30"]
[Round "5"]
[White "Lzmann"]
[Black "olimpioMD"]
[Result "1-0"]
[ICCResult "Black resigns"]
[WhiteElo "1810"]
[BlackElo "1440"]
[Opening "QGD: Grau (Sahovic) defense"]
[ECO "D06"]
[NIC "QP.08"]
[Time "14:48:45"]
[TimeControl "180+0"]

1. d4 d5 2. c4 Bf5 3. Nc3 e6 4. cxd5 exd5 5. Bf4 Nf6 6. e3 Bb4 7. Bd3 Bxc3+
8. bxc3 Bg4 9. f3 Bd7 10. Ne2 O-O 11. O-O Nh5 12. Bg3 c6 13. Qd2 Qf6 14. e4
Nxg3 15. Nxg3 Qg6 16. e5 Qh6 17. f4 Bg4 18. Qc2 g6 19. f5 Nd7 20. h3 Qe3+
21. Kh2 Bh5 22. Nxh5 gxh5 23. Rf3 Qh6 24. Rg3+ Kh8 25. f6 Qf4 26. Rf1 Qh6
27. Bf5 Nb6 28. h4 Nc4 29. Rg5 Ne3 30. Qe2 Nxf1+ 31. Qxf1 Rg8 32. Qf4 Rxg5
33. hxg5 Qf8 34. Qh4 a5 35. Qxh5 Qg8 36. g4 b5 37. Qh6 Rb8 38. g6 fxg6 39.
f7 Qxf7 40. e6 Qf6 41. Qf4 gxf5 42. Qxb8+ Kg7 43. Qc7+ Kg6 44. e7 Qf7 45.
Qd6+ Kg7 46. Qd8 f4 47. e8=Q f3 48. Qxf7+ Kxf7 49. Qd6 {Black resigns} 1-0